 Dungeon Crawl Stone Soup version 0.31-a0-1074-g0b22e4e0f1 (webtiles) character file.

Game seed: 18152849737562264598

84 croobank the Sneak (level 4, 0/36 HPs)
             Began as a Human Delver on Dec 3, 2023.
             Slain by an endoplasm (3 damage)
             ... on level 4 of the Dungeon.
             The game lasted 00:03:17 (450 turns).

croobank the Sneak (Human Delver)                    Turns: 450, Time: 00:03:17

Health: 0/36       AC:  3    Str: 10 (13) XL:     4   Next: 74%
Magic:  4/4        EV: 12    Int: 11 (12) God:
Gold:   32         SH:  0    Dex: 13 (14) Spells: 3/3 levels left

rFire   . . .        a - +0 short sword
rCold   . . .        (no shield)
rNeg    . . .        b - +0 leather armour
rPois   .            (no helmet)
rElec   .            (no cloak)
rCorr   .            (no gloves)
SInv    .            (no boots)
Will    +....        (no amulet)
Stlth   +++          (no ring)
HPRegen 0.26/turn    (no ring)
MPRegen 0.09/turn

%: no passive effects
@: mighty, enlightened, flying
A: no striking features
a: no special abilities


You were on level 4 of the Dungeon.
You visited 1 branch of the dungeon, and saw 3 of its levels.

You collected 32 gold pieces.

Inventory:

Hand Weapons
 a - a +0 short sword (weapon)
Armour
 b - a +0 leather armour (worn)
Scrolls
 d - a scroll of revelation


   Skills:
 + Level 3.6 Fighting
 + Level 2.8 Short Blades
 + Level 2.8 Dodging
 + Level 5.5 Stealth


You had 3 spell levels left.
You didn't know any spells.
Your spell library was empty.

Dungeon Overview and Level Annotations

Branches:
Dungeon (6/15)
 Temple: D:4-7

Altars:


Message History

An endoplasm comes into view.
It was a potion of enlightenment.
You feel very buoyant.
You fly up into the air.
The howler monkey barely misses you.
It was a potion of might.
You feel very mighty all of a sudden.
Your extra speed is starting to run out.
The howler monkey closely misses you.
The endoplasm quivers.
You puncture the howler monkey!
You kill the howler monkey!
The phantom hits you.
You feel your dexterity returning.
You have reached level 4!
You feel stronger.
You closely miss the phantom. You closely miss the phantom.
The phantom hits you.
* * * LOW HITPOINT WARNING * * *
You puncture the phantom!
The phantom is heavily damaged.
You closely miss the phantom.
The phantom is heavily damaged.
The phantom misses you.
You barely miss the phantom.
The phantom is heavily damaged.
The endoplasm freezes you.
You are frozen.
* * * LOW HITPOINT WARNING * * *
The phantom hits you but does no damage.
You puncture the phantom! Your punch misses the phantom.
The phantom is almost destroyed.
You closely miss the phantom.
The phantom is almost destroyed.
You feel yourself slow down. The endoplasm completely misses you.
The phantom hits you.
* * * LOW HITPOINT WARNING * * *
You miss the phantom.
The phantom is almost destroyed.
The endoplasm hits you.
You die...

......§§§# ##.##
....W.§§###### ##.##
.###....##....## ##.#
######'###.....###.##
..>............##h##
...............#.##
###.######......##
#.# #..##.#########
... ##..#.##@......#
.!...
+......JW......#
##..##
##..+..........# ####
#..#..........# #.
##.....#...# #.
########### . ##


You could see a phantom and an endoplasm.

Vanquished Creatures
  A howler monkey (D:4)
  A hound (D:5)
  An adder (D:5)
  An orc (D:5)
  A ball python (D:4)
  3 jackals (D:5)
8 creatures vanquished.

Notes
Turn   | Place    | Note
-------+----------+-------------------------------------------
     0 | D:5      | croobank the Human Delver began the quest for the Orb.
     0 | D:5      | Reached XP level 1. HP: 18/18 MP: 1/1
    54 | D:6      | Noticed a wight
    55 | D:6      | Noticed a wight
    55 | D:6      | Noticed a wight
    55 | D:6      | Noticed a wight
   107 | D:5      | Noticed a hound
   114 | D:5      | Killed a hound
   115 | D:5      | Reached XP level 2. HP: 24/24 MP: 2/2
   115 | D:5      | Reached XP level 3. HP: 29/29 MP: 3/3
   394 | D:4      | Noticed a phantom
   443 | D:4      | Reached XP level 4. HP: 15/36 MP: 4/4
   450 | D:4      | Slain by an endoplasm

Illustrated notes

Levels and vault maps discovered:
D:4:      layout_gridville, kennysheep_generic_room_12
D:5:      layout_rooms, nicolae_ru_the_path_less_chosen,
          makhleb_blood_cavern_becter
D:6:      layout_basic

Action                     |  1- 3 |  4- 6 || total
---------------------------+-------+-------++-------
  Melee: Short sword       |    53 |     8 ||    61
  Evoke: Wand              |     3 |       ||     3
    Use: Potion            |     4 |       ||     4
         Scroll            |     2 |       ||     2
   Stab: Sleeping          |     2 |       ||     2
 Armour: Leather armour    |    29 |     4 ||    33
  Dodge: Dodged            |    25 |     2 ||    27

Table legend: (Time is in decaauts)
 A = Elapsed time spent in this place.
 B = Non-inter-level travel time spent in this place.
 C = Inter-level travel time spent in this place.
 D = Time resting spent in this place.
 E = Time spent auto-exploring this place.
 F = Levels seen in this place.
 G = Mean time per level.
                   A        B        C        D        E       F      G
               +--------+--------+--------+--------+--------+-----+--------+
         Total |    425 |    394 |     31 |    140 |     68 |   3 |  141.7 |
       Dungeon |    425 |    394 |     31 |    140 |     68 |   3 |  141.7 |
               +--------+--------+--------+--------+--------+-----+--------+

Top non-repeatable levels by time:
     D:5: 263 daAuts
     D:6: 102 daAuts
     D:4: 58 daAuts
